 Dungeon Crawl Stone Soup version 0.14.2 (webtiles) character file.

460 FuckCats the Skirmisher (level 6, -1/51 HPs)
             Began as a Mummy Monk on Jan 31, 2016.
             Blown up by a kobold (20 damage)
             ... with a wand of disintegration
             ... on Level 4 of the Dungeon.
             The game lasted 00:10:53 (6824 turns).

FuckCats the Skirmisher (Mummy Monk)                Turns: 6824, Time: 00:10:53

HP  -1/51        AC  3     Str 14      XL: 6   Next: 24%
MP   6/6         EV 13     Int  9      God:
Gold 135         SH  0     Dex 16      Spells:  0 memorised,  5 levels left

rFire  x . .     SeeInvis .       - Unarmed
rCold  + . .     Clarity  .     (no armour)
rNeg   + + +     Conserve .     (no shield)
rPois  +         rCorr    .     g - +0 helmet
rElec  .         rRot     +     c - +0 cloak
SustAb . .       Spirit   .     k - +0 pair of gloves
rMut   .         Warding  .     (no boots)
Saprov . . .     Stasis   .     (no amulet)
MR     .....                    (no ring)
                                (no ring)

@: not resistant to hostile enchantments, fairly stealthy
A: no food or potions, fire vulnerability, restore body, cold resistance 1, life
protection 3, poison resistance, torment resistance, unbreathing
a: no special abilities


You were on level 4 of the Dungeon.
You were not hungry.

You visited 1 branch of the dungeon, and saw 5 of its levels.

You collected 135 gold pieces.


Innate Abilities, Weirdness & Mutations

You do not eat or drink.
Your flesh is vulnerable to fire.
Your flesh is cold resistant.
You are immune to negative energy.
Your system is resistant to poisons.
You are immune to unholy pain and torment.
You can survive without breathing.


   Skills:
 - Level 5.2 Fighting
 + Level 2.4 Dodging
 - Level 1.5 Stealth
 - Level 5.1 Unarmed Combat


You had 5 spell levels left.
You didn't know any spells.

Inventory:

Missiles
 m - 25 poisoned needles (quivered)
Armour
 c - a +0 cloak (worn)
 g - a +0 helmet (worn)
 k - a +0 pair of gloves (worn)
Scrolls
 a - 2 scrolls of magic mapping
 b - 2 scrolls of teleportation
 d - 2 scrolls of random uselessness
 e - 2 scrolls of fear
 f - 2 scrolls of remove curse
 h - 2 scrolls of enchant weapon II
 i - a scroll of blinking {unknown}
 j - a scroll of recharging
 n - a scroll of fog

Dungeon Overview and Level Annotations

Branches:
Dungeon (5/15)             Temple (0/1) D:4

Altars:
Makhleb
Sif Muna

Annotations:
D:3 exclusion: 2 downstairs

······▒ ▒···▒ ▒·········▒
······▒ ▒···▒ ▒······(··▒
······▒ ▒·[·▒ ▒·········▒
······▒▒▒▒···▒ ▒·········▒
···········<·▒▒▒▒·········▒
··························▒
··························▒
············[··=<·········▒
▒▒▒▒·········▒▒▒M·········▒
▒·········▒ ▒K·········▒
▒·········▒ ▒<·········▒
▒·········▒ ▒··········▒
▒·········▒ ▒··········▒
▒·········▒ ▒········)·▒
▒·····)···▒ ▒··········▒
▒·········▒ ▒··········▒
▒▒▒▒·········▒▒▒··········▒


You could see a kobold.


Message History

You are blasted!
The ogre closely misses you.
There is a stone staircase leading up here.
You climb upwards.
Level annotation: exclusion: 2 downstairs
There is a stone staircase leading down here.
The ogre barely misses you.
There is a stone staircase leading down here.
This staircase is marked as excluded!
Enter next level anyway?
You climb downwards.
The kobold zaps a wand.
You are blasted!
There is a stone staircase leading up here.
The kobold barely misses you.
You barely miss the kobold.
The kobold zaps a wand.
You struggle to resist.
You hit the kobold.
The kobold is moderately wounded.
You barely miss the kobold.
The kobold is moderately wounded.
The kobold zaps a wand.
You are blasted!
* * * LOW HITPOINT WARNING * * *
You barely miss the kobold. You punch the kobold, but do no damage.
The kobold is moderately wounded.
The kobold barely misses you.
You hit the kobold but do no damage.
The kobold is moderately wounded.
The kobold zaps a wand.
You are blasted!
You die...

Action                   |  1- 3 |  4- 6 || total
-------------------------+-------+-------++-------
Melee: Unarmed           |   162 |   377 ||   539
  Use: Scroll            |       |     7 ||     7
 Stab: Sleeping          |     2 |     2 ||     4

Vault maps used:
D:1:      minmay_arrival_arboretum_large, st_stairs_9, minmay_misc_feat_alley,
          bh_walls_and_bars
D:2:      amethyst_overflow_temple_binary, first_bread
D:4:      minmay_temple_entry_trees, minmay_tree_intersection,
          corexii_item_surrounded_by_moat, uniq_iyjb
D:5:      corexii_shack_village, uniq_blork_the_orc

Notes
Turn   | Place    | Note
--------------------------------------------------------------
     0 | D:1      | FuckCats, the Mummy Monk, began the quest for the Orb.
     0 | D:1      | Reached XP level 1. HP: 18/18 MP: 1/1
   386 | D:1      | Reached XP level 2. HP: 17/24 MP: 2/2
  1328 | D:1      | Reached skill level 4 in Unarmed Combat
  1780 | D:2      | Reached XP level 3. HP: 7/29 MP: 3/3
  2669 | D:2      | Reached XP level 4. HP: 21/35 MP: 4/4
  3314 | D:2      | Found a burning altar of Makhleb.
  3325 | D:2      | Found a deep blue altar of Sif Muna.
  3715 | D:3      | Reached skill level 5 in Unarmed Combat
  4710 | D:3      | Reached XP level 5. HP: 41/41 MP: 5/5
  4937 | D:4      | Noticed Ijyb
  5402 | D:4      | Reached skill level 4 in Fighting
  5502 | D:4      | Noticed an ogre
  5562 | D:3      | Killed Ijyb
  5768 | D:4      | Found a staircase to the Ecumenical Temple.
  6079 | D:4      | Paralysed by a giant eyeball for 4 turns
  6220 | D:4      | Reached XP level 6. HP: 45/50 MP: 6/6
  6380 | D:5      | Entered Level 5 of the Dungeon
  6614 | D:4      | Reached skill level 5 in Fighting
  6824 | D:4      | Blown up by a kobold

Vanquished Creatures
  A scorpion (D:4)
  2 worker ants (D:4)
  Ijyb (D:3)
  9 adders
  3 worms
  A giant eyeball (D:4)
  An ooze (D:2)
  An orc (D:4)
  2 ball pythons
  8 giant cockroaches
  15 hobgoblins
  11 jackals
  11 bats
  6 giant geckos
  5 giant newts
  10 goblins
  A jackal skeleton (D:4)
  9 kobolds
  14 rats
111 creatures vanquished.
